 Dungeon Crawl Stone Soup version 0.31-a0-925-g0a390f2509 (webtiles) character file.

Game seed: 3089368615382928706

114 pokeman the Magician (level 4, 0/25 HPs)
             Began as a Deep Elf Hedge Wizard on Oct 18, 2023.
             Slain by an orc
             ... wielding a +0 mace
              (2 damage)
             ... on level 3 of the Dungeon.
             The game lasted 00:04:18 (2625 turns).

pokeman the Magician (Deep Elf Hedge Wizard)        Turns: 2625, Time: 00:04:18

Health: 0/25       AC:  4    Str:  7    XL:     4   Next: 67%
Magic:  1/13       EV: 13    Int: 21    God:
Gold:   82         SH:  0    Dex: 14    Spells: 6/14 levels left

rFire   . . .        f - +2 dagger (venom)
rCold   . . .        (no shield)
rNeg    . . .        b - +0 robe
rPois   .            n - +0 helmet
rElec   .            (no cloak)
rCorr   .            (no gloves)
SInv    .            c - +0 pair of boots
Will    .....        (no amulet)
Stlth   ++           (no ring)
HPRegen 0.24/turn    (no ring)
MPRegen 0.13/turn

%: no passive effects
@: no status effects
A: no striking features
a: no special abilities


You were on level 3 of the Dungeon.
You visited 1 branch of the dungeon, and saw 3 of its levels.

You collected 82 gold pieces.

Inventory:

Hand Weapons
 f - a +2 dagger of venom (weapon)
 p - the +5 whip "Ochivy Ariagh" {heavy, Stlth+}
   (You found it on level 2 of the Dungeon)

   Stlth+:    It makes you more stealthy.
Armour
 b - a +0 robe (worn)
 c - a +0 pair of boots (worn)
 n - a +0 helmet (worn)
 r - a +0 buckler
Wands
 u - a wand of polymorph (2)
Scrolls
 h - a scroll of blinking {unknown}
 i - 2 scrolls of noise {unknown}
 j - 2 scrolls of identify {unknown}
 k - a scroll of enchant weapon {unknown}
 s - a scroll of teleportation {unknown}
Potions
 a - 2 potions of degeneration {unknown}
 d - a potion of magic
 e - a potion of ambrosia {unknown}
 g - 3 potions of heal wounds {unknown}
 l - a potion of invisibility {unknown}
 m - a potion of attraction {unknown}
 o - a potion of berserk rage {unknown}
 q - a potion of might {unknown}
 t - a potion of curing {unknown}


   Skills:
 - Level 1.0 Fighting
 - Level 1.0 Armour
 + Level 2.9 Dodging
 + Level 3.0 Stealth
 * Level 5.7 Spellcasting
 + Level 2.3 Conjurations
 - Level 1.1 Summonings
 - Level 1.1 Translocations


You had 6 spell levels left.
You knew the following spells:

 Your Spells              Type           Power      Damage    Failure   Level
a - Magic Dart            Conj           60%        1d6       3%          1
b - Mephitic Cloud        Conj/Pois/Air  9%         N/A       22%         3
c - Call Imp              Summ           20%        N/A       10%         2
d - Blink                 Tloc           20%        N/A       10%         2

Your spell library contained the following spells:

 Spells                   Type           Power      Damage    Failure   Level
 Slow                     Hex            24%        N/A       10%         1
 Cigotuvi's Dreadful Rot  Necr/Pois/Air  12%        N/A       16%         2
 Tukima's Dance           Hex            6%         N/A       30%         3
 Iskenderun's Mystic Bla  Conj/Tloc      13%        2d5       45%         4
 Dimensional Bullseye     Hex/Tloc       4%         N/A       63%         4
 Alistair's Intoxication  Tmut/Pois      4%         N/A       95%         5
 Borgnjor's Vile Clutch   Necr/Erth      3%         N/A       95%         5
 Eringya's Noxious Bog    Tmut/Pois      3%         4d6       100%        6


Dungeon Overview and Level Annotations

Branches:
Dungeon (3/15)

Altars:

Shops:
D:1 [


Message History

The orc attacks as it pursues you! The orc closely misses you.
Casting: Mephitic Cloud (extremely dangerous; 22% risk of failure)
Confirm with . or Enter, or press ? or * to list all spells.
A tiny devil pulls itself out of the air.
You feel ready to blink again.
Unknown command.
The orc attacks as it pursues you! The orc hits you with a +0 mace.
* * * LOW HITPOINT WARNING * * *
Your cerulean imp closely misses the orc.
You swap places.
The orc hits your cerulean imp with a +0 mace!
Your cerulean imp hits the orc with a -3 spear.
There is a stone staircase leading down here.
The orc hits your cerulean imp with a +0 mace!
Your cerulean imp dies!
Your cerulean imp disappears in a puff of smoke!
Casting: Call Imp (safe; 10% risk of failure)
Confirm with . or Enter, or press ? or * to list all spells.
You don't have enough magic to cast this spell.
An endoplasm comes into view.
A goblin comes into view. It is wielding a +0 dagger.
A kobold comes into view. It is wielding a +0 club.
The kobold shouts!
The kobold throws a stone.
The stone hits you but does no damage.
The endoplasm quivers.
You hit the endoplasm.
The endoplasm is severely wounded.
The kobold throws a stone.
The stone closely misses you. The endoplasm freezes you.
You are frozen.
* * * LOW HITPOINT WARNING * * *
Unknown command.
You hit the endoplasm.
The endoplasm is almost dead.
The orc barely misses you. The endoplasm completely misses you.
Unknown command.
You barely miss the orc.
The orc is heavily wounded.
The orc hits you with a +0 mace.
You die...

#.......#
#.......#
#....K..#
#.......#
##########
#....g..#
#....#....
#.......#
#....#....
#.....J.#
#....#....
#....@..+
..#....#....
#.....or#
#.#....#[...
#######.#
#.#......... #.#
#.#.....###~ #.#
#.......#.#≈
#r###.##..###.#≈
#.#...###.....#≈
#.>.......###.#≈
#.##..###...#.#≈


You could see an orc, an endoplasm, a quokka, a goblin and a kobold.

Vanquished Creatures
  Ijyb (D:3)
  An adder (D:2)
  A worm (D:2)
  4 dart slugs
  An orc (D:3)
  5 endoplasms
  A giant cockroach (D:2)
  8 hobgoblins
  9 kobolds
  2 quokkas
  4 ball pythons
  7 bats
  2 frilled lizards (D:2)
  14 goblins
  4 rats
64 creatures vanquished.

Notes
Turn   | Place    | Note
-------+----------+-------------------------------------------
     0 | D:1      | pokeman the Deep Elf Hedge Wizard began the quest for the
                  | Orb.
     0 | D:1      | Reached XP level 1. HP: 10/10 MP: 7/7
   188 | D:1      | Reached XP level 2. HP: 16/16 MP: 1/9
   288 | D:1      | Found Xinoag's Armour Emporium.
   591 | D:1      | Reached skill level 5 in Spellcasting
   714 | D:1      | Reached XP level 3. HP: 20/20 MP: 7/11
   718 | D:1      | Learned a level 3 spell: Mephitic Cloud
   721 | D:1      | Learned a level 2 spell: Call Imp
   724 | D:1      | Learned a level 2 spell: Blink
   866 | D:1      | Found a faded altar of an unknown god.
  1062 | D:1      | Reached skill level 1 in Fighting
  1644 | D:2      | Reached skill level 1 in Armour
  1823 | D:2      | Reached XP level 4. HP: 25/25 MP: 0/13
  2061 | D:2      | Identified the +5 whip "Ochivy Ariagh" {heavy, Stlth+}
  2588 | D:3      | Noticed Ijyb
  2608 | D:3      | Killed Ijyb
  2614 | D:3      | HP: 1/25 [orc/+0 mace (5)]
  2623 | D:3      | HP: 1/25 [frozen (2)]
  2625 | D:3      | Slain by an orc

Illustrated notes

Levels and vault maps discovered:
D:1:      elethiomel_arrival_quiet, layout_basic, serial_shops, shop,
          hellmonk_ecumenical_altar_zigzags, minmay_hexomino_p4
D:2:      layout_rooms, chequers_avenue, minmay_cupped
D:3:      minmay_angry_zag, layout_basic, grunt_decor_cap, uniq_ijyb,
          uniq_sigmund, uniq_terence

Skill      XL: |  1  2  3  4 |
---------------+-------------+-----
Spellcasting   | 5 |  5.7
Fighting       | 1 |  1.0
Armour         | 1 |  1.0
Conjurations   | 2 |  2.3
Stealth        | 3 |  3.0
Dodging        | |  2.9
Summonings     | |  1.1
Translocations | |  1.1

Action                     |  1- 3 |  4- 6 || total
---------------------------+-------+-------++-------
  Melee: Dagger            |     9 |    20 ||    29
   Cast: Magic Dart        |   111 |    28 ||   139
         Mephitic Cloud    |     1 |     3 ||     4
         Blink             |       |     1 ||     1
         Call Imp          |       |     1 ||     1
 Armour: Robe              |     7 |    15 ||    22
  Dodge: Dodged            |    11 |     9 ||    20

Table legend: (Time is in decaauts)
 A = Elapsed time spent in this place.
 B = Non-inter-level travel time spent in this place.
 C = Inter-level travel time spent in this place.
 D = Time resting spent in this place.
 E = Time spent auto-exploring this place.
 F = Levels seen in this place.
 G = Mean time per level.
                   A        B        C        D        E       F      G
               +--------+--------+--------+--------+--------+-----+--------+
         Total |   2624 |   2576 |     48 |      0 |   2209 |   3 |  874.7 |
       Dungeon |   2624 |   2576 |     48 |      0 |   2209 |   3 |  874.7 |
               +--------+--------+--------+--------+--------+-----+--------+

Top non-repeatable levels by time:
     D:1: 1433 daAuts
     D:2: 1042 daAuts
     D:3: 147 daAuts
